 Dungeon Crawl Stone Soup version 0.18-a0-1789-gbeff17f (webtiles) character file.

86 dobroeutro the Skirmisher (level 4, -9/45 HPs)
             Began as a Gargoyle Fighter on Apr 21, 2016.
             Mangled by Crazy Yiuf
             ... wielding a +4 quarterstaff of chaos
              (10 damage)
             ... while paralysed by Crazy Yiuf
             ... on level 2 of the Dungeon.
             The game lasted 00:02:00 (988 turns).

dobroeutro the Skirmisher (Gargoyle Fighter)         Turns: 988, Time: 00:02:00

Health: -9/45      AC: 11    Str: 26    XL:     4   Next: 49%
Magic:  4/4        EV:  2    Int:  8    God:
Gold:   90         SH:  0    Dex:  9    Spells: 0 memorised, 3 levels left

rFire  . . .     SeeInvis .     a - +0 flail
rCold  . . .     Gourm    .     b - +0 scale mail
rNeg   + . .     Faith    .     o - +0 large shield
rPois  ∞         Spirit   .     (no helmet)
rElec  +         Dismiss  .     n - +0 cloak
rCorr  .         Reflect  .     (no gloves)
SustAt .         Harm     .     (no boots)
MR     .....                    (no amulet)
Stlth  ..........               (no ring)
                                (no ring)

@: paralysed, berserking (expiring), not resistant to hostile enchantments,
extremely unstealthy
A: negative energy resistance 1, electricity resistance, unbreathing,
petrification resistance, rot immunity, AC +3
a: no special abilities


You were on level 2 of the Dungeon.
You were not hungry.

You visited 1 branch of the dungeon, and saw 2 of its levels.

You collected 90 gold pieces.

Inventory:

Hand Weapons
 a - a +0 flail (weapon)
Armour
 b - a +0 scale mail (worn)
 c - a +0 shield
 n - a +0 cloak (worn)
 o - a +0 large shield (worn)
Scrolls
 e - a scroll of random uselessness {unknown}
 g - a scroll of teleportation {unknown}
 h - 2 scrolls of immolation {unknown}
 l - a scroll of enchant weapon {unknown}
 m - 2 scrolls of identify {unknown}
Potions
 d - a potion of might
 i - a potion of cure mutation {unknown}
 p - a potion of haste {unknown}
Comestibles
 f - a bread ration
 j - 2 beef jerkies
 k - a chunk of flesh


   Skills:
 + Level 4.3 Fighting
 + Level 2.7 Maces & Flails
 + Level 3.8 Armour
 + Level 3.9 Shields


You had 3 spell levels left.
You didn't know any spells.

Dungeon Overview and Level Annotations

Branches:
Dungeon (2/15)

Altars:
Dithmenos

Annotations:
D:2 Crazy Yiuf


Innate Abilities, Weirdness & Mutations

You are resistant to torment.
Your stone body is resilient (AC +3).
You are immune to poison.
You resist negative energy.
You are resistant to electric shocks.
You can survive without breathing.
You are immune to petrification.
You are immune to rotting.


Message History

A red film seems to cover your vision as you go berserk!
You feel yourself moving faster!
You feel mighty!
Some of the chunks of flesh in your inventory have rotted away.
Your shield and scale mail prevent you from hitting Crazy Yiuf.
Crazy Yiuf is moderately wounded.
You block Crazy Yiuf's attack.
You hit Crazy Yiuf but do no damage.
Crazy Yiuf is moderately wounded.
Crazy Yiuf hits you with a quarterstaff of chaos.
* * * LOW HITPOINT WARNING * * *
You suddenly lose the ability to move!
Crazy Yiuf laughs, "Leather!
Island sing spinner."
Crazy Yiuf hits you with a quarterstaff of chaos.
* * * LOW HITPOINT WARNING * * *
Crazy Yiuf freezes you.
* * * LOW HITPOINT WARNING * * *
Crazy Yiuf hits you but does no damage. x2
Crazy Yiuf screams, "Two!
Proton green return to song."
Crazy Yiuf hits you with a quarterstaff of chaos!
You die...

............................#
#######.#...................#
.####.......................#
.......################.....#
#.....[# #.....#
....[..##♣♣♣♣♣ #.....#
...........♣.♣♣♣ #### #######
............♣..♣#...#
...........♣♣♣♣.@g..#
..........♣♣ ♣♣#..)#
#......##♣♣ #### #......#
..####.# ..# #.#
################ ..#
#.###..............# ..#
#..................# ###
###..........<.....#


You could see Crazy Yiuf.

Vanquished Creatures
  3 adders (D:2)
  A worm (D:2)
  2 dart slugs
  A giant gecko (D:2)
  3 giant cockroaches
  6 hobgoblins
  3 jackals (D:2)
  6 kobolds
  A quokka (D:2)
  9 bats
  2 giant newts
  6 goblins
  3 rats
46 creatures vanquished.

Notes
Turn   | Place    | Note
--------------------------------------------------------------
     0 | D:1      | dobroeutro the Gargoyle Fighter began the quest for the Orb.
     0 | D:1      | Reached XP level 1. HP: 14/14 MP: 1/1
    90 | D:1      | Reached XP level 2. HP: 19/19 MP: 2/2
   399 | D:1      | Reached XP level 3. HP: 24/24 MP: 3/3
   647 | D:2      | Reached skill level 4 in Fighting
   694 | D:2      | Reached XP level 4. HP: 10/29 MP: 4/4
   737 | D:2      | Found a shadowy altar of Dithmenos.
   972 | D:2      | Noticed Crazy Yiuf
   983 | D:2      | Paralysed by Crazy Yiuf for 6 turns
   985 | D:2      | HP: 1/45 [Crazy Yiuf/quarterstaff of chaos (3)]
   988 | D:2      | Mangled by Crazy Yiuf

Vault maps used:
D:1:      onia_arrival_mini_spirals
D:2:      nicolae_overflow_crystal_walls, uniq_crazy_yiuf_cottage

Skill      XL: |  1  2  3 |
---------------+----------+-----
Fighting       | 4 |  4.3
Maces & Flails | |  2.7
Armour         | |  3.8
Shields        | |  3.9

Action                   |  1- 3 |  4- 6 || total
-------------------------+-------+-------++-------
Melee: Flail             |   109 |    76 ||   185
  Eat: Chunk             |       |     1 ||     1
Armor: Scale mail        |    86 |    49 ||   135
Dodge: Dodged            |    37 |    30 ||    67
Block: Shield            |    73 |    25 ||    98
       Large shield      |       |    17 ||    17
